 Dungeon Crawl Stone Soup version 0.27.1-33-g824d729ab1 (webtiles) character file.

Game seed: 461046074982806974

1950 hilljack the Stinger (level 9, -3/45 HPs)
             Began as a Gargoyle Venom Mage on Nov 29, 2021.
             Slain by an ogre (12 damage)
             ... on level 6 of the Dungeon.
             The game lasted 00:17:35 (6243 turns).

hilljack the Stinger (Gargoyle Venom Mage)          Turns: 6243, Time: 00:17:36

Health: -3/45      AC: 11    Str: 12    XL:     9   Next: 18%
Magic:  11/13      EV: 12    Int: 19    God:
Gold:   224        SH:  0    Dex: 22    Spells: 6/13 levels left

rFire    . . .     SeeInvis .   j - +5 dagger (chaos)
rCold    . . .     Faith    .   (no shield)
rNeg     + . .     Spirit   .   l - +0 troll leather armour {Purgy}
rPois    ∞         Reflect  .   k - +1 hat
rElec    +         Harm     .   f - scarf {shadows}
rCorr    .         Rampage  .   (no gloves)
Will     .....                  (no boots)
Stlth    ++++......             o - amulet of regeneration
HPRegen  2.15/turn              m - +6 ring of dexterity
MPRegen  0.13/turn              q - +6 ring of dexterity

@: slowed, very slow
A: sickness immunity, AC +6, negative energy resistance 1, electricity
resistance, torment resistance 1, petrification resistance
a: no special abilities


You were on level 6 of the Dungeon.
You visited 1 branch of the dungeon, and saw 6 of its levels.

You collected 224 gold pieces.

Inventory:

Hand Weapons
 a - the +9 lance "Wyrmbane" {slay drac, rPois rF+ rC+ AC+3}
   (You took it off Maggie on level 6 of the Dungeon)

   It inflicts extra damage against dragons and draconians.
   AC:        It affects your AC (+3).
   rF:        It protects you from fire.
   rC:        It protects you from cold.
   rPois:     It protects you from poison.
 j - a +5 dagger of chaos (weapon)
Armour
 f - a scarf of shadows (worn)
 i - +0 acid dragon scales
 k - a +1 hat (worn)
 l - a +0 troll leather armour (worn) {Purgy}
Jewellery
 c - a ring of magical power
 g - a ring of flight
 m - a +6 ring of dexterity (left hand)
 o - an amulet of regeneration (around neck)
 q - a +6 ring of dexterity (right hand)
Wands
 n - a wand of flame (38)
 t - a wand of polymorph (10)
Potions
 b - 7 potions of curing
 d - 2 potions of berserk rage
 e - a potion of attraction
 h - a potion of haste
 p - a potion of ambrosia


   Skills:
 + Level 5.3 Short Blades
 - Level 2.3 Dodging
 + Level 7.5 Stealth
 - Level 2.6 Spellcasting
 - Level 1.1 Transmutations
 - Level 1.1 Air Magic
 + Level 7.7 Poison Magic


You had 6 spell levels left.
You knew the following spells:

 Your Spells              Type           Power      Damage    Failure   Level
a - Sting                 Tmut/Pois      76%        1d6       3%          1
b - Poisonous Vapours     Pois/Air       38%        N/A       4%          2
c - Olgreb's Toxic Radia  Pois           31%        N/A       9%          4

Your spell library contained the following spells:

 Spells                   Type           Power      Damage    Failure   Level
 Mephitic Cloud           Conj/Pois/Air  13%        N/A       19%         3
 Corpse Rot               Necr/Air       N/A        N/A       24%         2
 Slow                     Hex            2%         N/A       30%         2
 Confusing Touch          Hex            2%         N/A       52%         3
 Vampiric Draining        Necr           1%         2d6       52%         3
 Passage of Golubria      Tloc           N/A        N/A       89%         4
 Freezing Cloud           Conj/Ice/Air   2%         6-21      99%         5
 Silence                  Hex/Air        2%         N/A       99%         5
 Yara's Violent Unravell  Hex/Tmut       2%         3d3       99%         5
 Lehudib's Crystal Spear  Conj/Erth      1%         10d2      100%        8


Dungeon Overview and Level Annotations

Branches:
Dungeon (6/15)
 Temple: D:4-7

Altars:
Makhleb
Xom


Innate Abilities, Weirdness & Mutations

You are immune to sickness and miasma.
Your stone body is resilient. (AC +6)
You are immune to poison.
You resist negative energy. (rN+)
You are resistant to electric shocks. (rElec)
You are resistant to unholy torment.
You are immune to petrification.


Message History

Press: ? - help, Shift-Dir - straight line, f - wraith
Aim: a wraith (lightly damaged, unusually agile, 57% to hit)
The sting hits the wraith but does no damage.
The wraith is lightly damaged.
The ogre hits you with a +0 giant club! The wraith closely misses you.
The ogre barely misses you.
Casting: Sting (safe; 3% risk of failure)
Confirm with . or Enter, or press ? or * to list all spells.
Aiming: Sting (safe; 3% risk of failure)
Press: ? - help, Shift-Dir - straight line, f/p - wraith
Aim: a wraith (lightly damaged, unusually agile, 57% to hit)
The sting hits the wraith but does no damage.
The wraith is lightly damaged.
The wraith hits you. The wraith drains your vigour!
You feel as though you will be slow longer.
The ogre barely misses you. The wraith closely misses you.
You hit the ogre. You freeze the ogre.
The ogre is moderately wounded.
The wraith misses you. The ogre closely misses you.
You hit the ogre.
The ogre is severely wounded.
The wraith barely misses you.
You hit the ogre but do no damage. You drain the ogre.
The ogre is severely wounded.
The ogre hits you with a +0 giant club!!
* * * LOW HITPOINT WARNING * * *
The wraith barely misses you.
Casting: Sting (safe; 3% risk of failure)
Confirm with . or Enter, or press ? or * to list all spells.
Aiming: Sting (safe; 3% risk of failure)
Press: ? - help, Shift-Dir - straight line, f/p - wraith
Aim: a wraith (lightly damaged, unusually agile, 57% to hit)
The sting hits the wraith but does no damage.
The wraith is lightly damaged.
The ogre barely misses you. The wraith closely misses you. The wraith hits you.
* * * LOW HITPOINT WARNING * * *
The wraith drains your vigour!
You feel as though you will be slow longer.
The ogre hits you with a +0 giant club!
You die...

###########
########.........#
..............<..#
########.....§...#
#####.##########
####........W@O...# ..
##....###..........#..#.
###..#................5...#
#......########.##.####.###
...############....# #
)..## #........####.
#...####.####(........
##............#.#####.
...#.#........#.#


You could see a wraith (agile), an ogre (drained) and an ufetubus (wandering).

Vanquished Creatures
  Maggie (D:6)
  Grinder (D:5)
  Sigmund (D:5)
  Purgy (D:4)
  2 sky beasts
  An ice beast (D:5)
  A black bear (D:5)
  A centaur (D:4)
  A phantom (D:6)
  A bullfrog (D:6)
  A scorpion (D:4)
  A wyvern skeleton (D:5)
  A crimson imp (D:3)
  An orc priest (D:4)
  5 hounds
  A bullfrog skeleton (D:5)
  An orc wizard (D:5)
  An iguana (D:5)
  2 howler monkey zombies (D:5)
  A gnoll (D:1)
  8 adders
  2 adder skeletons (D:4)
  4 dart slugs
  8 orcs
  6 endoplasms
  6 giant cockroaches
  8 goblins
  5 hobgoblins
  6 quokkas
  7 ball pythons
  6 bats
  3 frilled lizards
  9 kobolds
  A quokka skeleton (D:4)
  6 rats
111 creatures vanquished.

Notes
Turn   | Place    | Note
-------+----------+-------------------------------------------
     0 | D:1      | hilljack the Gargoyle Venom Mage began the quest for the
                  | Orb.
     0 | D:1      | Reached XP level 1. HP: 10/10 MP: 3/3
   301 | D:1      | Reached skill level 1 in Transmutations
   301 | D:1      | Reached XP level 2. HP: 4/15 MP: 0/5
   581 | D:1      | Learned a level 2 spell: Poisonous Vapours
  1069 | D:1      | Reached XP level 3. HP: 15/19 MP: 1/6
  1366 | D:1      | Found a faded altar of an unknown god.
  2107 | D:2      | Reached XP level 4. HP: 23/24 MP: 2/7
  2964 | D:3      | Reached skill level 1 in Air Magic
  2964 | D:3      | Reached XP level 5. HP: 14/28 MP: 0/9
  3302 | D:3      | Found a burning altar of Makhleb.
  3304 | D:3      | Found a shimmering altar of Xom.
  3551 | D:3      | Noticed a sky beast
  3574 | D:3      | Killed a sky beast
  3575 | D:3      | Reached skill level 1 in Short Blades
  3575 | D:3      | Reached XP level 6. HP: 16/32 MP: 6/10
  3886 | D:4      | Noticed Purgy
  3932 | D:4      | Killed Purgy
  4364 | D:4      | Learned a level 4 spell: Olgreb's Toxic Radiance
  4381 | D:4      | Reached XP level 7. HP: 36/36 MP: 7/11
  5069 | D:5      | Entered Level 5 of the Dungeon
  5106 | D:5      | Reached skill level 5 in Stealth
  5111 | D:5      | Reached skill level 5 in Poison Magic
  5136 | D:5      | Noticed Sigmund
  5184 | D:5      | Killed Sigmund
  5185 | D:5      | Reached XP level 8. HP: 41/41 MP: 12/12
  5448 | D:5      | Noticed Grinder
  5463 | D:5      | Killed Grinder
  6016 | D:6      | Noticed Maggie
  6052 | D:6      | Killed Maggie
  6053 | D:6      | Reached skill level 5 in Short Blades
  6053 | D:6      | Reached XP level 9. HP: 23/45 MP: 8/13
  6243 | D:6      | Slain by an ogre

Illustrated notes

Levels and vault maps discovered:
D:1:      dpeg_arrival_tiny_a, layout_loops_ring,
          shapermc_ecumenical_altar_flowoftime
D:2:      layout_loops_cross, kennysheep_generic_room_6
D:3:      layout_rooms, grunt_temple_overflow_champion_of_chaos
D:4:      layout_loops_cross, uniq_purgy
D:5:      layout_loops_ring, uniq_sigmund, uniq_grinder
D:6:      layout_rooms, minmay_temple_entry_purple_smoke,
          cheibrodos_sewer_entry_bend, hangedman_abyss_or_decor_passed,
          hangedman_feature_mirror, uniq_maggie

Skill      XL: |  1  2  3  4  5  6  7  8 |
---------------+-------------------------+-----
Transmutations | 1 |  1.1
Dodging        | 2 |  2.3
Poison Magic   | 4 5 7 |  7.7
Air Magic      | 1 |  1.1
Short Blades   | 1 3 5 |  5.3
Stealth        | 3 4 5 7 |  7.5
Spellcasting   | |  2.6

Action                   |  1- 3 |  4- 6 |  7- 9 || total
-------------------------+-------+-------+-------++-------
Melee: Dagger            |    62 |    77 |   145 ||   284
       Unarmed           |     8 |       |       ||     8
 Cast: Sting             |    45 |    51 |    43 ||   139
       Poisonous Vapours |     7 |       |       ||     7
  Use: Scroll            |       |     8 |     4 ||    12
       Potion            |       |     1 |     8 ||     9
 Stab: Sleeping          |     1 |     2 |     8 ||    11
       Paralysed         |       |     1 |     1 ||     2
Armor: Robe              |    34 |    31 |       ||    65
       Troll leather arm |       |    13 |    56 ||    69
       Skin              |       |       |    22 ||    22
Dodge: Dodged            |    66 |    84 |   100 ||   250
